Map: Orbital Shipyard

Players

State

  • Race: Protoss Protoss
  • League: Diamond

LiquidSnute (Snute) - Winner!

  • Race: Zerg Zerg
  • League: Grandmaster

Event: Team Gravity's Fight Night #37

VOD

https://youtu.be/T6TAOjOoSBY?t=1h6m19s

Description

Time

  • Played on: Oct. 31, 2015, 7:27 p.m.
  • Length: 14:50

All games in this series

Show
View Real Time Build Order
Export as new Build Order

State Protoss 

Build Orders: 1 Gate Expand 

Get SALT Encoding   

  12  0:01  Probe (Chrono Boost)  
  13  0:14  Pylon  
  13  0:18  Probe (Chrono Boost)  
  15  0:28  Probe (Chrono Boost)  
  15  0:35  Gateway  
  15  0:39  Probe (Chrono Boost)  
  16  0:45  Assimilator  
  16  0:49  Probe (Chrono Boost)  
  17  1:00  Probe (Chrono Boost)  
  18  1:11  Probe (Chrono Boost)  
  19  1:21  Probe (Chrono Boost)  
  20  1:25  Nexus  
  20  1:35  Cybernetics Core  
  20  1:38  Probe (Chrono Boost)  
  21  1:44  Assimilator  
  21  1:49  Probe (Chrono Boost)  
  21  1:53  Pylon  
  22  1:59  Probe (Chrono Boost)  
  23  2:13  Stalker  
  23  2:14  Warp Gate  
  27  2:16  Mothership Core (Chrono Boost)  
  27  2:34  Probe (Chrono Boost), Forge  
  28  2:38  Probe (Chrono Boost)  
  28  2:43  Sentry  
  31  2:45  Probe (Chrono Boost)  
  31  2:48  Probe (Chrono Boost)  
  33  2:55  Probe (Chrono Boost)  
  34  2:59  Probe (Chrono Boost)  
  34  3:04  Protoss Ground Weapons Level 1 (Chrono Boost)  
  35  3:06  Probe (Chrono Boost)  
  35  3:09  Probe (Chrono Boost)  
  37  3:14  Sentry  
  37  3:16  Probe (Chrono Boost)  
  40  3:21  Nexus  
  40  3:23  Probe (Chrono Boost)  
  42  3:27  Probe (Chrono Boost)  
  42  3:31  Pylon  
  42  3:33  Probe (Chrono Boost)  
  43  3:37  Probe (Chrono Boost)  
  43  3:40  Sentry  
  46  3:48  Probe  
  46  3:49  Probe  
  46  3:52  Twilight Council  
  46  3:53  Gateway  
  48  3:56  Gateway  
  48  3:59  Probe  
  48  4:01  Probe  
  50  4:07  Pylon  
  50  4:09  Probe, Pylon  
  50  4:13  Probe  
  50  4:16  Assimilator  
  50  4:17  Assimilator  
  52  4:20  Probe  
  53  4:25  Probe  
  53  4:28  Blink (Chrono Boost)  
  54  4:32  Probe  
  54  4:33  Probe  
  54  4:38  Probe  
  57  4:43  Protoss Ground Weapons Level 2  
  57  4:44  Probe x2  
  58  4:50  Probe  
  58  4:51  Gateway  
  60  4:54  Probe  
  60  4:55  Gateway x2  
  60  4:56  Probe  
  62  5:02  Probe  
  62  5:05  Probe  
  64  5:07  Stalker x2  
  64  5:13  Probe, Pylon  
  69  5:14  Probe  
  69  5:15  Pylon  
  69  5:16  Probe  
  71  5:23  Robotics Facility  
  71  5:25  Probe  
  71  5:26  Probe  
  71  5:27  Probe  
  73  5:33  Stalker  
  76  5:37  Probe  
  76  5:38  Probe  
  78  5:45  Gateway  
  78  5:46  Pylon x2  
  78  5:49  Probe  
  78  5:50  Probe  
  78  5:52  Stalker x3  
  86  6:00  Pylon  
  86  6:03  Assimilator  
  86  6:05  Assimilator  
  86  6:06  Stalker  
  86  6:07  Stalker x2  
  86  6:10  Robotics Bay  
  92  6:11  Observer  
  92  6:13  Probe  
  92  6:14  Probe  
  92  6:16  Probe  
  96  6:18  Stalker  
  96  6:19  Stalker  
  96  6:24  Gateway  
  100  6:27  Gateway  
  100  6:30  Pylon  
  100  6:41  Protoss Ground Weapons Level 3  
  100  6:42  Robotics Facility  
  100  6:45  Stalker, Warp Prism  
  100  6:46  Stalker x3  
  110  6:58  Gateway  
  110  7:01  Gateway  
  110  7:05  Photon Cannon  
  110  7:18  Stalker x4  
  110  7:19  Stalker  
  110  7:21  Disruptor  
  121  7:23  Probe  
  121  7:24  Probe  
  121  7:25  Probe  
  120  7:34  Probe  
  120  7:36  Probe  
  120  7:37  Probe  
  119  7:42  Disruptor  
  122  7:44  Probe  
  122  7:48  Probe  
  122  7:49  Probe  
  125  7:55  Probe  
  125  7:56  Disruptor  
  129  8:01  Probe x2  
  129  8:02  Pylon  
  129  8:03  Pylon  
  129  8:05  Probe, Pylon  
  132  8:13  Probe  
  132  8:18  Probe  
  132  8:19  Disruptor, Pylon  
  133  8:20  Probe  
  133  8:25  Probe  
  139  8:28  Nexus  
  139  8:31  Pylon  
  139  8:32  Disruptor (Chrono Boost), Pylon  
  139  8:34  Pylon  
  142  8:53  Stalker x9  
  160  8:57  Disruptor (Chrono Boost)  
  163  9:03  Gateway  
  163  9:04  Gateway  
  163  9:06  Gateway  
  163  9:10  Photon Cannon  
  163  9:31  Stalker x3  
  163  9:32  Stalker x8  
  185  9:53  Probe  
  185  9:55  Observer Gravitic Boosters  
  185  9:56  Stalker x6  
  190  10:05  Stalker  
  177  10:07  Stalker  
  177  10:08  Observer x2 (Chrono Boost)  
  168  10:16  Probe x3  
  164  10:25  Stalker x4  
  172  10:28  Probe x2  
  172  10:29  Probe  
  172  10:35  Stalker x3  
  177  10:40  Probe  
  177  10:41  Probe x2  
  182  10:45  Sentry x2  
  185  10:51  Observer (Chrono Boost)  
  185  10:52  Probe  
  185  10:53  Probe x2  
  187  11:05  Probe x3  
  187  11:09  Observer (Chrono Boost)  
  189  11:23  Protoss Ground Armor Level 1  
  151  11:28  Disruptor (Chrono Boost)  
  151  11:31  Stalker x7  
  151  11:32  Stalker x2  
  96  11:55  Stalker x5  
  96  11:56  Stalker  
  96  11:57  Probe x3  
  96  11:59  Disruptor (Chrono Boost)  
  106  12:02  Assimilator  
  106  12:04  Assimilator  
  96  12:11  Probe x2  
  98  12:15  Stalker x3  
  98  12:16  Stalker x2  
  106  12:24  Stalker  
  106  12:25  Stalker x2  
  112  12:36  Probe x3  
  102  12:47  Disruptor (Chrono Boost)  
  102  12:48  Probe x2  
  104  12:52  Stalker x2  
  104  12:53  Stalker x3  
  104  12:55  Probe  
  110  13:00  Probe  
  110  13:01  Probe  
  107  13:18  Stalker  
  107  13:19  Stalker x2  
  111  13:25  Probe x2  
  93  13:50  Cybernetics Core  
  93  13:54  Zealot x3  
  93  13:55  Zealot  
  95  13:57  Probe x2  
  95  13:59  Probe  
  98  14:09  Probe x2  
  94  14:30  Sentry x5  
  94  14:31  Sentry  
Show
View Real Time Build Order
Export as new Build Order

LiquidSnute Zerg - Winner!

Build Orders: 3 Hatch before Pool, Lurkers 

Get SALT Encoding   

  12  0:00  Drone  
  13  0:12  Overlord  
  13  0:17  Drone  
  14  0:31  Drone x2  
  14  0:34  Drone  
  17  0:51  Hatchery  
  17  0:54  Drone  
  17  0:57  Drone  
  18  1:18  Hatchery  
  17  1:20  Drone  
  17  1:22  Drone  
  19  1:34  Spawning Pool  
  19  1:37  Drone  
  19  1:40  Drone  
  20  1:49  Drone  
  21  2:00  Drone  
  22  2:05  Drone  
  23  2:11  Overlord  
  23  2:14  Drone  
  24  2:21  Queen x2  
  28  2:29  Drone x2, Queen  
  30  2:30  Drone  
  30  2:32  Drone  
  30  2:36  Drone  
  35  2:42  Drone, Overlord  
  36  2:46  Zergling x2  
  37  2:51  Drone  
  37  2:52  Extractor  
  37  2:53  Extractor  
  37  2:54  Drone  
  37  2:57  Drone  
  38  2:58  Queen  
  38  3:01  Queen  
  38  3:03  Drone  
  38  3:05  Drone  
  44  3:11  Overlord  
  44  3:13  Drone  
  44  3:15  Drone  
  44  3:18  Drone  
  47  3:23  Overlord  
  47  3:26  Drone  
  48  3:30  Drone  
  48  3:31  Drone x3  
  48  3:32  Drone x3  
  55  3:35  Drone  
  55  3:37  Drone x2  
  57  3:41  Lair  
  57  3:43  Drone  
  57  3:45  Drone  
  57  3:47  Drone  
  61  3:48  Drone  
  61  3:51  Evolution Chamber  
  61  3:52  Drone  
  61  3:53  Drone  
  62  3:57  Overlord  
  62  4:00  Drone, Extractor x2  
  62  4:02  Extractor x2  
  60  4:05  Drone, Spine Crawler  
  60  4:08  Drone  
  60  4:09  Drone x2  
  62  4:10  Zergling x2  
  62  4:12  Drone x2  
  62  4:14  Drone  
  62  4:16  Overlord  
  66  4:18  Zerg Missile Weapons Level 1  
  66  4:20  Drone  
  67  4:24  Drone  
  67  4:25  Roach Warren  
  67  4:27  Drone  
  67  4:28  Drone  
  67  4:29  Drone  
  70  4:32  Drone  
  70  4:34  Drone  
  72  4:39  Drone x3, Hydralisk Den  
  72  4:40  Drone  
  72  4:42  Drone  
  72  4:44  Drone  
  77  4:46  Overlord  
  77  4:47  Drone  
  77  4:49  Drone  
  79  4:56  Spire  
  78  5:05  Overlord  
  78  5:07  Drone  
  78  5:09  Lurker Den  
  78  5:14  Roach  
  81  5:15  Overlord x3  
  81  5:20  Overlord  
  81  5:23  Hatchery  
  81  5:25  Roach x4  
  81  5:27  Drone x2  
  90  5:43  Hydralisk  
  90  5:44  Hydralisk x7  
  106  5:51  Drone  
  107  5:57  Overlord  
  107  6:08  Mutalisk  
  107  6:09  Mutalisk x6  
  121  6:12  Overlord x2  
  121  6:13  Extractor x2  
  121  6:15  Zerg Missile Weapons Level 2  
  121  6:16  Overlord  
  119  6:27  Drone  
  119  6:28  Drone x5  
  119  6:29  Drone x5  
  130  6:46  Lurker x5  
  135  6:48  Drone x4  
  135  6:53  Spine Crawler  
  135  6:54  Spine Crawler  
  137  6:57  Spine Crawler  
  137  6:58  Spore Crawler, Lurker x2  
  137  6:59  Drone, Lurker, Spine Crawler  
  137  7:00  Drone x4, Spine Crawler  
  141  7:12  Drone  
  141  7:13  Drone  
  141  7:14  Drone x6  
  149  7:15  Spore Crawler  
  149  7:16  Spore Crawler  
  147  7:27  Hydralisk x4  
  147  7:28  Hydralisk  
  151  7:41  Zerg Flyer Weapons Level 1  
  151  7:42  Infestation Pit  
  151  7:43  Overlord  
  148  7:54  Lurker x4  
  148  7:56  Overlord x3, Spine Crawler  
  148  7:57  Spine Crawler  
  148  7:58  Spine Crawler  
  149  7:59  Spine Crawler  
  148  8:09  Mutalisk  
  148  8:10  Mutalisk x4  
  158  8:15  Overlord  
  158  8:24  Spine Crawler  
  158  8:25  Spine Crawler  
  156  8:29  Spine Crawler  
  156  8:33  Hive, Zerg Ground Armor Level 1  
  155  8:42  Mutalisk x4  
  155  8:45  Metabolic Boost  
  163  8:49  Evolution Chamber  
  163  8:55  Mutalisk x2  
  164  8:59  Zergling x22  
  177  9:05  Hatchery  
  172  9:19  Spine Crawler  
  172  9:20  Spine Crawler  
  170  9:29  Mutalisk x7  
  183  9:31  Queen x3  
  183  9:38  Spine Crawler  
  187  9:39  Spine Crawler x2  
  187  9:40  Spine Crawler x2  
  183  9:48  Ravager x3  
  183  9:49  Ravager x2  
  185  10:07  Queen  
  184  10:15  Mutalisk x5  
  194  10:25  Zergling x12  
  192  10:42  Zergling x2  
  192  10:43  Zergling x14  
  199  10:53  Zergling x2  
  199  10:54  Zergling x4  
  199  10:57  Lurker  
  199  11:02  Mutalisk  
  192  11:15  Mutalisk x4  
  183  11:26  Mutalisk x7  
  183  11:28  Zergling x4  
  178  11:34  Mutalisk  
  178  11:35  Queen  
  178  11:36  Queen x3  
  171  11:46  Mutalisk x4  
  162  11:49  Zergling x6  
  156  11:54  Mutalisk  
  156  11:56  Hatchery  
  156  11:59  Zergling x2  
  151  12:01  Zergling x4  
  146  12:11  Queen  
  146  12:14  Zergling x8  
  152  12:18  Zerg Flyer Weapons Level 2  
  150  12:23  Mutalisk  
  150  12:24  Hatchery, Mutalisk x4  
  150  12:25  Hatchery  
  158  12:40  Hatchery  
  157  12:45  Mutalisk x4  
  153  13:01  Zergling x28  
  153  13:02  Zergling x10  
  167  13:12  Zergling x6  
  170  13:17  Mutalisk  
  170  13:18  Mutalisk  
  173  13:25  Mutalisk x6  
  179  13:31  Zergling x2  
  174  13:37  Mutalisk x3  
  175  13:51  Zergling x18  
  180  14:02  Zergling x8  
  176  14:10  Zergling x24  
  185  14:18  Mutalisk x4  

Tags
 
Add a new tag
Caveats
  • Supply blocks, unpowered buildings, or Contaminate may cause inaccurate times.
  • Supply counts are checked every 10 seconds.